 Dungeon Crawl Stone Soup version 0.31-a0-496-g6f97920a28 (webtiles) character file.

Game seed: 18426860608092193853

31 CraigForest the Caller (level 3, 0/25 HPs)
             Began as a Barachi Summoner on Aug 8, 2023.
             Slain by an adder (2 damage)
             ... on level 2 of the Dungeon.
             The game lasted 00:08:55 (975 turns).

CraigForest the Caller (Barachi Summoner)            Turns: 975, Time: 00:08:56

Health: 0/25       AC:  2    Str:  8 (11) XL:     3   Next: 22%
Magic:  3/6        EV: 12    Int: 13 (15) God:
Gold:   72         SH:  0    Dex: 10 (12) Spells: 4/7 levels left

rFire   + . .        g - +0 short sword
rCold   . . .        (no shield)
rNeg    . . .        a - +0 robe
rPois   .            (no helmet)
rElec   .            (no cloak)
rCorr   .            (no gloves)
SInv    .            (no boots)
Will    .....        (no amulet)
Stlth   ++           h - ring of protection from fire
HPRegen 0.24/turn    (no ring)
MPRegen 0.10/turn

%: no passive effects
@: lethally poisoned (0 -> -12), slow
A: amphibious, slowness 1, strong legs 1, +LOS
a: Hop


You were on level 2 of the Dungeon.
You visited 1 branch of the dungeon, and saw 2 of its levels.

You collected 72 gold pieces.

Inventory:

Hand Weapons
 g - a +0 short sword (weapon)
Missiles
 i - 4 poisoned darts
Armour
 a - a +0 robe (worn)
Jewellery
 h - a ring of protection from fire (left hand)
Scrolls
 d - 2 scrolls of amnesia {unknown}
 f - a scroll of fear {unknown}
 k - a scroll of enchant weapon {unknown}
Potions
 b - a potion of magic
 c - a potion of curing {unknown}
 j - a potion of resistance {unknown}


   Skills:
 + Level 0.5 Fighting
 + Level 2.5 Dodging
 - Level 2.0 Stealth
 + Level 2.6 Spellcasting
 + Level 5.4 Summonings


You had 4 spell levels left.
You knew the following spells:

 Your Spells              Type           Power      Damage    Failure   Level
a - Summon Small Mammal   Summ           60%        N/A       2%          1
b - Call Imp              Summ           30%        N/A       3%          2

Your spell library contained the following spells:

 Spells                   Type           Power      Damage    Failure   Level
 Call Canine Familiar     Summ           15%        N/A       8%          3
 Summon Guardian Golem    Hex/Summ       8%         N/A       24%         3
 Summon Lightning Spire   Summ/Air       8%         N/A       61%         4


Dungeon Overview and Level Annotations

Branches:
Dungeon (2/15)

Altars:


Innate Abilities, Weirdness & Mutations

You are amphibious.
You cover ground slowly.
You can hop short distances.
You have an extended range of vision and can be seen from far away.


Message History

Your cerulean imp hits the goblin with a -3 spear.
The adder misses your cerulean imp.
The goblin barely misses your cerulean imp.
You hit the adder.
The adder is severely wounded.
The adder bites you.
You are poisoned.
The adder poisons you!
The adder closely misses your cerulean imp.
Your cerulean imp barely misses the goblin.
The adder bites you but does no damage.
The goblin hits your cerulean imp with a +0 dagger.
You barely miss the adder.
The adder is severely wounded.
You feel sick. The adder misses your cerulean imp.
The adder closely misses you.
Your cerulean imp barely misses the goblin.
The goblin hits your cerulean imp with a +0 dagger.
The kobold hits your cerulean imp but does no damage.
Casting: Call Imp (safe; 3% risk of failure)
Press: ? - help, Q - select action, (/) - cycle Dir - look around, f - activate A tiny devil pulls itself out of the air.
You feel sick.
Your cerulean imp disappears in a puff of smoke!
The adder misses you. The adder bites you.
You are lethally poisoned!
The adder poisons you!
* * * LOW HITPOINT WARNING * * *
You feel very sick. The adder barely misses you.
Your cerulean imp misses the adder.
Okay, then.
It was a potion of degeneration.
There was something very wrong with that liquid.
You feel weakened.
You feel dopey.
You feel clumsy.
* * * LOW HITPOINT WARNING * * *
You feel sick. The adder bites you.
* * * LOW HITPOINT WARNING * * *
You are more poisoned.
The adder poisons you! The adder bites you.
You die...

#####......##.##
......#........##
#######..#.#....##
#..........## .#
#.##........# .>.
#.#........#####..)#
#.#.##..............
...........SK†......
###.......@Sg......<
#.##.#..#5####...#
#.......#.#
####...##.# ##
#..###.# ). #.. ..#
#####.# ##J ### ..
...# ##. #.
####..#...


You could see 2 adders, a goblin, a kobold and a friendly cerulean imp
(summoned).

Vanquished Creatures
  3 endoplasms (D:1)
  A goblin (D:1)
  A rat (D:2)
5 creatures vanquished.

Vanquished Creatures (collateral kills)
  2 dart slugs (D:1)
  3 ball pythons (D:1)
  2 endoplasms (D:1)
  3 goblins (D:1)
  4 quokkas (D:1)
  A frilled lizard (D:1)
  2 kobolds (D:1)
  A rat (D:2)
18 creatures vanquished.

Grand Total: 23 creatures vanquished

Notes
Turn   | Place    | Note
-------+----------+-------------------------------------------
     0 | D:1      | CraigForest the Barachi Summoner began the quest for the
                  | Orb.
     0 | D:1      | Reached XP level 1. HP: 13/13 MP: 3/3
    66 | D:1      | Reached skill level 5 in Summonings
   160 | D:1      | Reached XP level 2. HP: 5/20 MP: 1/5
   163 | D:1      | Learned a level 2 spell: Call Imp
   722 | D:1      | Reached XP level 3. HP: 24/25 MP: 3/6
   975 | D:2      | Slain by an adder

Illustrated notes

Levels and vault maps discovered:
D:1:      dpeg_arrival_solitude, layout_loops_ring, moated_statue
D:2:      layout_loops_cross, serial_shops,
          nicolae_shop_competitors_out_of_business,
          hellmonk_ecumenical_altar_watching_god, uniq_jessica

Skill      XL: |  1  2 |
---------------+-------+-----
Summonings     | 5 |  5.4
Stealth        | 2 |  2.0
Fighting       | |  0.5
Dodging        | |  2.5
Spellcasting   | |  2.6

Action                     || total
---------------------------++-------
  Melee: Unarmed           ||    19
         Short sword       ||    20
   Cast: Summon Small Mamm ||    12
         Call Imp          ||     9
    Use: Potion            ||     1
   Stab: Sleeping          ||     1
 Armour: Robe              ||     4
  Dodge: Dodged            ||    34

Table legend: (Time is in decaauts)
 A = Elapsed time spent in this place.
 B = Non-inter-level travel time spent in this place.
 C = Inter-level travel time spent in this place.
 D = Time resting spent in this place.
 E = Time spent auto-exploring this place.
 F = Levels seen in this place.
 G = Mean time per level.
                   A        B        C        D        E       F      G
               +--------+--------+--------+--------+--------+-----+--------+
         Total |   1108 |    807 |    301 |     64 |    457 |   2 |  554.0 |
       Dungeon |   1108 |    807 |    301 |     64 |    457 |   2 |  554.0 |
               +--------+--------+--------+--------+--------+-----+--------+

Top non-repeatable levels by time:
     D:1: 1015 daAuts
     D:2: 93 daAuts
